 Dungeon Crawl Stone Soup version 0.24-a0-282-g1a68c91 (webtiles) character file.

Game seed: 13075180591398666953

556 Gorice the Conjurer (level 7, 0/46 HPs)
             Began as a Human Conjurer on May 3, 2019.
             Slain by a sky beast (5 damage)
             ... on level 4 of the Dungeon.
             The game lasted 00:18:13 (4251 turns).

Gorice the Conjurer (Human Conjurer)                Turns: 4251, Time: 00:18:14

Health: 0/46       AC:  3    Str:  9    XL:     7   Next: 56%
Magic:  5/13       EV: 12    Int: 17    God:
Gold:   153        SH:  0    Dex: 13    Spells: 4/14 levels left

rFire    . . .     SeeInvis .   a - +2 whip (venom)
rCold    + . .     Gourm    +   (no shield)
rNeg     + . .     Faith    .   b - +0 robe
rPois    .         Spirit   .   (no helmet)
rElec    .         Reflect  .   (no cloak)
rCorr    .         Harm     .   (no gloves)
MR       .....                  j - +0 pair of boots
Stlth    ++........             s - amulet of the gourmand
HPRegen  0.15/turn              E - ring of positive energy
MPRegen  0.13/turn              d - ring of protection from cold

@: very slightly contaminated
A: no striking features
a: no special abilities


You were on level 4 of the Dungeon.
You were very full.

You visited 1 branch of the dungeon, and saw 4 of its levels.

You collected 197 gold pieces.
You spent 44 gold pieces at shops.

Inventory:

Hand Weapons
 a - a +2 whip of venom (weapon)
   (You took it off an orc on level 3 of the Dungeon)
 c - a +0 vampiric short sword
   (You found it on level 2 of the Dungeon)
 k - a +2 dagger of protection
   (You took it off an orc on level 3 of the Dungeon)
 l - a +0 dagger of venom
   (You took it off a goblin on level 1 of the Dungeon)
 t - a +2 short sword of venom
   (You took it off a goblin on level 2 of the Dungeon)
 u - a +3 trident of freezing
   (You took it off an orc on level 4 of the Dungeon)
 B - a +0 blowgun
Missiles
 p - 6 poisoned needles
 Y - 134 stones (quivered)
Armour
 b - a +0 robe (worn)
 j - a +0 pair of boots (worn)
Jewellery
 d - a ring of protection from cold (right hand)
 m - an uncursed ring of protection from cold
 q - an uncursed ring of positive energy
 s - an amulet of the gourmand (around neck)
 E - a ring of positive energy (left hand)
Scrolls
 e - 5 scrolls of teleportation {!r}
 n - a scroll of fog
Potions
 g - a potion of haste {!q}
 h - a potion of curing
 i - 2 potions of heal wounds {!q}
 o - a potion of brilliance {!q}
 r - a potion of flight {unknown}
Comestibles
 f - 3 rations


   Skills:
 - Level 2.0 Dodging
 - Level 2.0 Stealth
 + Level 4.3 Spellcasting
 + Level 7.0 Conjurations
 + Level 1.9 Hexes


You had 4 spell levels left.
You knew the following spells:

 Your Spells              Type           Power        Failure   Level  Hunger
a - Magic Dart            Conj           ####         1%          1    None
b - Searing Ray           Conj           ####..       1%          2    ##.....
c - Iskenderun's Mystic   Conj           ####....     9%          4    ####...
d - Dazzling Spray        Conj/Hex       ###...       7%          3    ###....

Your spell library contained the following spells:

 Spells                   Type           Power        Failure   Level  Hunger
 Fulminant Prism          Conj/Hex       ###.......   24%         4    ####...
 Force Lance              Conj/Tloc      ###.....     34%         4    ####...


Dungeon Overview and Level Annotations

Branches:
Dungeon (4/15)
 Temple: D:4-7

Altars:

Shops:
D:4 *


Message History

Press: ? - help, Shift-Dir - straight line, f - frilled lizard
Aim: a frilled lizard (resting)
The magic dart hits the frilled lizard.
You kill the frilled lizard!
A sky beast comes into view.
Found a scroll of teleportation.
Casting: Magic Dart (safe; 1% risk of failure)
Confirm with . or Enter, or press ? or * to list all spells.
Aiming: Magic Dart (safe; 1% risk of failure)
Press: ? - help, Shift-Dir - straight line, f - sky beast
Aim: a sky beast (resting)
You miscast Magic Dart.
You are very lightly contaminated with residual magic.
Your skin tingles.
The sky beast flickers out of sight!
Deactivating autopickup; reactivate with Ctrl-A.
You hit something. Something hits you. Something shocks you.
Damage: 10 (max 10)
Casting: Magic Dart (safe; 1% risk of failure)
Confirm with . or Enter, or press ? or * to list all spells.
You can't see any susceptible monsters within range! (Use Z to cast anyway.)
Casting: Magic Dart (safe; 1% risk of failure)
Confirm with . or Enter, or press ? or * to list all spells.
Aiming: Searing Ray (safe; 1% risk of failure)
Press: ? - help, Shift-Dir - straight line The searing ray hits something. (Press . to maintain the ray.)
Something hits you. Something shocks you.
Damage: 7 (max 7)
The searing ray hits something.
Something hits you. Something shocks you.
Damage: 10 (max 10)
Something hits you. Something shocks you.
* * * LOW HITPOINT WARNING * * *
Damage: 6 (max 6)
You finish channeling your searing ray.
Something hits you.
* * * LOW HITPOINT WARNING * * *
Something shocks you.
* * * LOW HITPOINT WARNING * * *
Damage: 5 (max 5) Unknown command.
Casting: Searing Ray (safe; 1% risk of failure)
Confirm with . or Enter, or press ? or * to list all spells.
You can't see any susceptible monsters within range! (Use Z to cast anyway.)
Casting: Searing Ray (safe; 1% risk of failure)
Confirm with . or Enter, or press ? or * to list all spells.
Aiming: Dazzling Spray (safe; 7% risk of failure)
Press: ? - help, Shift-Dir - straight line The spray of energy hits something.
Something hits you.
* * * LOW HITPOINT WARNING * * *
Something shocks you.
You die...

###.###?... # .........##.# #
#........... ..(....#
#.#.....(....#.# .......#
#.......#.#..#.#
.......##.#..............#
..............##.##.......
.........#...##{##....#.#
..............@....#.#.#
###....#.............#.#.#
....#..#.............#.#.#
###.#..##.........#(.....#
###.##.##..).........###.####
#.......##...........<......#
..........>..............####
..<.#[..##..#..............#
#...#...##..#..#.......#.###


There were no monsters in sight!

Vanquished Creatures
  A phantom (D:4)
  A crimson imp (D:3)
  A hound (D:4)
  A jelly (D:4)
  A bullfrog skeleton (D:4)
  An orc priest (D:3)
  An orc wizard (D:3)
  A worker ant (D:4)
  An iguana (D:4)
  Natasha (twice) (D:2)
  7 adders
  2 oozes
  An adder skeleton (D:3)
  6 worms
  A dart slug (D:4)
  21 orcs
  A giant cockroach (D:2)
  6 goblins
  10 hobgoblins
  7 kobolds
  2 quokkas
  9 bats
  5 frilled lizards
  6 rats
95 creatures vanquished.

Notes
Turn   | Place    | Note
-------+----------+-------------------------------------------
     0 | D:1      | Gorice the Human Conjurer began the quest for the Orb.
     0 | D:1      | Reached XP level 1. HP: 13/13 MP: 3/3
   252 | D:1      | Reached XP level 2. HP: 19/19 MP: 1/5
   516 | D:1      | Reached XP level 3. HP: 11/24 MP: 1/6
   919 | D:2      | Learned a level 2 spell: Searing Ray
  1364 | D:2      | Noticed Natasha
  1370 | D:2      | Killed Natasha
  1370 | D:2      | Reached skill level 5 in Conjurations
  1370 | D:2      | Reached XP level 4. HP: 16/30 MP: 5/8
  1659 | D:2      | Noticed Natasha
  1671 | D:2      | Killed Natasha
  1671 | D:2      | Reached skill level 3 in Spellcasting
  1671 | D:2      | Reached XP level 5. HP: 31/35 MP: 6/9
  1684 | D:2      | HP: 10/35 [adder (1)]
  1688 | D:2      | HP: 4/35 [poisoned by an adder]
  2116 | D:3      | Found a faded altar of an unknown god.
  2407 | D:3      | Reached skill level 6 in Conjurations
  2476 | D:3      | Reached XP level 6. HP: 41/41 MP: 5/11
  3322 | D:3      | Learned a level 4 spell: Iskenderun's Mystic Blast
  3326 | D:4      | Found Unwoerr's General Store.
  3341 | D:4      | Bought a potion of brilliance for 44 gold pieces
  3409 | D:4      | Noticed a phantom
  3661 | D:3      | Learned a level 3 spell: Dazzling Spray
  3782 | D:4      | Killed a phantom
  3782 | D:4      | Reached skill level 4 in Spellcasting
  3782 | D:4      | Reached skill level 1 in Hexes
  3782 | D:4      | Reached XP level 7. HP: 44/46 MP: 2/13
  3932 | D:4      | HP: 12/46 [bullfrog skeleton (5)]
  4178 | D:4      | Reached skill level 7 in Conjurations
  4248 | D:4      | HP: 13/46 [something (5)]
  4251 | D:4      | HP: 5/46 [something (3)]
  4251 | D:4      | Slain by a sky beast

Levels and vault maps discovered:
D:1:      wander_arrival_estate, layout_loops_ring,
          hangedman_abyss_or_decor_stabs
D:2:      layout_basic, mrwooster_statue_mirror, minmay_misc_feat_diagonals,
          minivault_23, uniq_natasha
D:3:      layout_loops_ring, chequers_ecumenical_altar_island
D:4:      minmay_polygon_palace, layout_basic, serial_shops,
          nicolae_shop_waterfront, first_ration, solitary_fountain

Skill      XL: |  1  2  3  4  5  6  7 |
---------------+----------------------+-----
Conjurations   | 5 6 7 |  7.0
Spellcasting   | 3 4 |  4.3
Hexes          | 1 |  1.9
Dodging        | |  2.0
Stealth        | |  2.0

Action                   |  1- 3 |  4- 6 |  7- 9 || total
-------------------------+-------+-------+-------++-------
Melee: Dagger            |    40 |    10 |       ||    50
       Short sword       |       |   107 |       ||   107
       Whip              |       |     6 |     8 ||    14
 Cast: Magic Dart        |    44 |    91 |    10 ||   145
       Searing Ray       |       |     5 |     5 ||    10
       Iskenderun's Myst |       |     2 |       ||     2
       Dazzling Spray    |       |       |     1 ||     1
  Use: Scroll            |     3 |     7 |       ||    10
       Potion            |       |     1 |       ||     1
 Stab: Sleeping          |     1 |     1 |       ||     2
  Eat: Chunk             |     2 |    20 |       ||    22
Armor: Robe              |     6 |    16 |     6 ||    28
Dodge: Dodged            |    25 |    73 |    12 ||   110

Table legend:
 A = Non-vault XP
 B = Vault XP
 C = Vault XP percentage of total XP
 D = Non-vault monster count
 E = Vault monster count
 F = Vault count percentage of total count
                 A         B        C        D         E       F
            +---------+---------+-------+---------+---------+-------
      Total |     760 |      35 |   4.4 |      94 |       1 |   1.1
            +---------+---------+-------+---------+---------+-------
        D:1 |      32 |       0 |   0.0 |      17 |       0 |   0.0
        D:2 |      96 |      35 |  26.7 |      18 |       1 |   5.3
        D:3 |     264 |       0 |   0.0 |      43 |       0 |   0.0
        D:4 |     368 |       0 |   0.0 |      16 |       0 |   0.0
            +---------+---------+-------+---------+---------+-------

Table legend:
 A = Turns spent in this place as a percentage of turns spent in the entire game.
 B = Non-inter-level travel turns spent in this place as a percentage of non-inter-level travel turns spent in the entire game.
 C = Inter-level travel turns spent in this place as a percentage of turns spent in this place.
 D = Turns resting spent in this place as a percentage of non-inter-level travel turns spent in this place.
 E = Turns spent auto-exploring this place as a percentage of non-inter-level travel turns spent in this place.
 F = Non-inter-level travel turns spent in this place divided by the number of levels of this place that you've seen.
                   A       B       C       D       E      F
               +-------+-------+-------+-------+-------+----------------------
         Total | 100.0 | 100.0 |   1.5 |  41.3 |  32.2 | 1047.2
       Dungeon | 100.0 | 100.0 |   1.5 |  41.3 |  32.2 | 1047.2
               +-------+-------+-------+-------+-------+----------------------

Levels and vault maps discovered:
D:1:      wander_arrival_estate, layout_loops_ring,
          hangedman_abyss_or_decor_stabs
D:2:      layout_basic, mrwooster_statue_mirror, minmay_misc_feat_diagonals,
          minivault_23, uniq_natasha
D:3:      layout_loops_ring, chequers_ecumenical_altar_island
D:4:      minmay_polygon_palace, layout_basic, serial_shops,
          nicolae_shop_waterfront, first_ration, solitary_fountain
